 Dungeon Crawl Stone Soup version 0.23-a0-494-g91793a9df2 (webtiles) character file.

164 Banto the Distorting Demonspawn (level 5, -13/42 HPs)
             Began as a Demonspawn Abyssal Knight on Dec 3, 2018.
             Was a Believer of Lugonu.
             Killed by divine providence
             ... invoked by an orc priest
              (14 damage)
             ... on level 3 of the Dungeon.
             The game lasted 00:04:30 (3299 turns).

Banto the Distorting Demonspawn (DsAK)              Turns: 3299, Time: 00:04:30

Health: -13/42     AC:  5    Str: 12    XL:     5   Next: 21%
Magic:  8/8        EV: 11    Int: 13    God:    Lugonu [**....]
Gold:   175        SH:  0    Dex: 14    Spells: 4/4 levels left

rFire    + . .     SeeInvis .   f - +0 spear (freeze)
rCold    . . .     Gourm    .   (no shield)
rNeg     . . .     Faith    .   b - +1 leather armour
rPois    .         Spirit   .   (no helmet)
rElec    .         Reflect  .   (no cloak)
rCorr    .         Harm     .   (no gloves)
MR       .....                  (no boots)
Stlth    +.........             j - amulet of rage
HPRegen  0.14/turn              (no ring)
MPRegen  0.11/turn              (no ring)

@: no status effects
A: rugged brown scales 1, fire resistance 1, flame cloud immunity
a: Depart the Abyss, Bend Space, Renounce Religion, Evoke Berserk Rage


You were on level 3 of the Dungeon.
You worshipped Lugonu.
Lugonu was pleased with you.
You were not hungry.

You visited 1 branch of the dungeon, and saw 3 of its levels.
You visited the Abyss 1 time.

You collected 175 gold pieces.

Inventory:

Hand Weapons
 a - a +1 spear
 f - a +0 spear of freezing (weapon)
Armour
 b - a +1 leather armour (worn)
Jewellery
 j - an amulet of rage (around neck)
Scrolls
 d - 3 scrolls of identify
 k - 4 scrolls of remove curse {unknown}
Potions
 e - 2 potions of ambrosia
 g - a potion of berserk rage
 h - a potion of mutation {unknown}
 i - a potion of agility
 m - 2 potions of might {unknown}
Comestibles
 c - 6 rations
 l - 5 chunks of flesh


   Skills:
 - Level 3.0 Fighting
 + Level 3.7 Polearms
 - Level 1.7 Armour
 - Level 0.8 Dodging
 + Level 5.3 Invocations


You had 4 spell levels left.
You didn't know any spells.
Your spell library was empty.

Dungeon Overview and Level Annotations

Branches:
Dungeon (3/15)

Altars:
Cheibriados
Xom


Innate Abilities, Weirdness & Mutations

You are partially covered in rugged brown scales. (AC +1, +3% HP)
Your flesh is heat resistant. (rF+)
You are immune to clouds of flame.


Message History

The orc priest barely misses you.
The orc wizard mumbles some strange words.
The orc wizard blinks!
You hit the orc priest but do no damage.
The orc priest is heavily wounded.
The orc priest closely misses you.
You hit the orc priest but do no damage.
The orc priest is heavily wounded.
The orc priest hits you with a +0 mace.
You take 6 damage, and have 16/42 hp.
You are too injured to fight recklessly!
You are too injured to fight recklessly!
You are too injured to fight recklessly!
The orc priest calls down the wrath of Beogh upon you.
Beogh smites you!
* * * LOW HITPOINT WARNING * * *
You take 15 damage, and have 1/42 hp.
MASSIVE DAMAGE!!
The orc priest invokes the aid of Beogh against you.
Beogh smites you!
You die...

#.# #o. #.# #S# #.#
#)# #.#######.#
#.#.S..Soo# ...
#.#o####### ... #.#.#
#.# ##.#.#### #.#
#...@...# #.#
#...<...# #.#
#...)...## #.#
#........########.#
#.....(..)........###
#.......##...........
#......>##.####.####.
####.#####.##.....##.
#####.# ##.#.......#.


You could see an orc priest and an adder.

Vanquished Creatures
  An orc wizard (D:3)
  3 gnolls (D:2)
  3 adders
  2 oozes (D:2)
  2 dart slugs
  A leopard gecko (D:1)
  6 orcs (D:3)
  11 bats
  3 giant cockroaches
  5 goblins
  9 hobgoblins
  A quokka (D:2)
  A ball python (D:2)
  5 frilled lizards
  9 kobolds
  4 rats
66 creatures vanquished.

Notes
Turn   | Place    | Note
-------+----------+-------------------------------------------
     0 | Abyss:1  | Banto the Demonspawn Abyssal Knight began the quest for the
                  | Orb.
     0 | Abyss:1  | Reached XP level 1. HP: 18/18 MP: 2/2
    95 | Abyss:1  | Noticed a green very ugly thing
   113 | D:1      | Escaped the Abyss
   162 | D:1      | Reached * piety under Lugonu
   466 | D:1      | Reached skill level 3 in Invocations
   466 | D:1      | Gained mutation: You are partially covered in rugged brown
                  | scales. (AC +1, +3% HP) [demonic ancestry]
   466 | D:1      | Reached XP level 2. HP: 16/24 MP: 2/4
   978 | D:1      | Gained mutation: Your flesh is heat resistant. (rF+)
                  | [demonic ancestry]
   978 | D:1      | Reached XP level 3. HP: 26/29 MP: 5/5
  1592 | D:2      | Reached skill level 4 in Invocations
  1811 | D:2      | Found a faded altar of an unknown god.
  1870 | D:2      | Gained mutation: You are immune to clouds of flame.
                  | [demonic ancestry]
  1870 | D:2      | Reached XP level 4. HP: 35/36 MP: 7/7
  1978 | D:2      | Found a snail-covered altar of Cheibriados.
  2066 | D:2      | Reached ** piety under Lugonu
  2676 | D:3      | HP: 1/36 [something (4)]
  2677 | D:3      | Reached skill level 5 in Invocations
  3069 | D:3      | Noticed a black bear
  3126 | D:3      | Reached XP level 5. HP: 34/42 MP: 8/8
  3152 | D:3      | Found a shimmering altar of Xom.
  3293 | D:3      | HP: 1/42 [orc priest/divine providence (16)]
  3299 | D:3      | Killed from afar by an orc priest

Vault maps used:
D:1:      erik_arrival_cave_to_civilisation, nrook_campfire
D:2:      chequers_ecumenical_altar_simple, cheibriados_altar_1
D:3:      old_standard_altar, st_stairs_8, trog_book

Skill      XL: |  1  2  3  4 |
---------------+-------------+-----
Polearms       | 2 3 |  3.7
Invocations    | 3 4 5 |  5.3
Fighting       | |  3.0
Armour         | |  1.7
Dodging        | |  0.8

Action                   |  1- 3 |  4- 6 || total
-------------------------+-------+-------++-------
Melee: Spear             |   184 |   129 ||   313
Invok: Depart the Abyss  |     1 |       ||     1
  Use: Potion            |     1 |       ||     1
       Scroll            |     4 |       ||     4
 Stab: Sleeping          |     1 |     2 ||     3
  Eat: Chunk             |     3 |     5 ||     8
Armor: Leather armour    |    48 |    18 ||    66
Dodge: Dodged            |   100 |    40 ||   140

Table legend:
 A = Non-vault XP
 B = Vault XP
 C = Vault XP percentage of total XP
 D = Non-vault monster count
 E = Vault monster count
 F = Vault count percentage of total count
                 A         B        C        D         E       F
            +---------+---------+-------+---------+---------+-------
      Total |     228 |       7 |   3.0 |      62 |       4 |   6.1
            +---------+---------+-------+---------+---------+-------
        D:1 |      42 |       3 |   6.7 |      24 |       2 |   7.7
        D:2 |      96 |       0 |   0.0 |      21 |       0 |   0.0
        D:3 |      90 |       4 |   4.3 |      17 |       2 |  10.5
            +---------+---------+-------+---------+---------+-------

Table legend:
 A = Turns spent in this place as a percentage of turns spent in the entire game.
 B = Non-inter-level travel turns spent in this place as a percentage of non-inter-level travel turns spent in the entire game.
 C = Inter-level travel turns spent in this place as a percentage of turns spent in this place.
 D = Turns resting spent in this place as a percentage of non-inter-level travel turns spent in this place.
 E = Turns spent auto-exploring this place as a percentage of non-inter-level travel turns spent in this place.
 F = Non-inter-level travel turns spent in this place divided by the number of levels of this place that you've seen.
                   A       B       C       D       E      F
               +-------+-------+-------+-------+-------+----------------------
         Total | 100.0 | 100.0 |   3.4 |  35.3 |  41.3 | 797.0
       Dungeon |  96.6 |  96.5 |   3.5 |  36.6 |  42.8 | 1025.0
         Abyss |   3.4 |   3.5 |   0.0 |   0.0 |   0.0 | 113.0
               +-------+-------+-------+-------+-------+----------------------

Table legend:
 A = Kills in this place as a percentage of kills in entire the game.
 B = Kills by you in this place as a percentage of kills by you in the entire game.
 C = Kills by friends in this place as a percentage of kills by friends in the entire game.
 D = Other kills in this place as a percentage of other kills in the entire game.
 E = Experience gained in this place as a percentage of experience gained in the entire game.
 F = Experience gained in this place divided by the number of levels of this place that you have seen.
                   A       B       C       D       E      F
               +-------+-------+-------+-------+-------+----------------------
         Total | 100.0 | 100.0 |   N/A |   N/A | 100.0 |  58.8
       Dungeon | 100.0 | 100.0 |   N/A |   N/A | 100.0 |  78.3
               +-------+-------+-------+-------+-------+----------------------
